 Dungeon Crawl Stone Soup version 0.28.0-53-g5a82cb258f (webtiles) character file.

Game seed: 16846399965785430352

102 Sin92 the Skirmisher (level 4, 0/37 HPs)
             Began as a Demonspawn Fighter on July 5, 2022.
             Was an Initiate of Ashenzari.
             Slain by an orc
             ... wielding a +1 vorpal flail
              (1 damage)
             ... on level 3 of the Dungeon.
             The game lasted 00:01:51 (2383 turns).

Sin92 the Skirmisher (Demonspawn Fighter)           Turns: 2383, Time: 00:01:51

Health: 0/37       AC:  8    Str: 19    XL:     4   Next: 49%
Magic:  4/4        EV:  9    Int:  9    God:    Ashenzari [......]
Gold:   109        SH:  4    Dex: 12    Spells: 3/3 levels left

rFire   . . .      SeeInvis .   a - +0 war axe
rCold   . . .      Faith    .   c - +0 buckler
rNeg    . . .      Spirit   .   b - +0 scale mail
rPois   .          Reflect  .   (no helmet)
rElec   .          Harm     .   (no cloak)
rCorr   .          Rampage  .   (no gloves)
Will    .....                   j - +0 pair of boots
Stlth   ..........              (no amulet)
HPRegen 0.12/turn               (no ring)
MPRegen 0.09/turn               (no ring)

@: mighty
A: claws 1, demonic magic 1
a: Renounce Religion, Curse Item


You were on level 3 of the Dungeon.
You worshipped Ashenzari.
Ashenzari was noncommittal.
You visited 1 branch of the dungeon, and saw 3 of its levels.

You collected 109 gold pieces.

Inventory:

Hand Weapons
 a - a +0 war axe (weapon)
Armour
 b - a +0 scale mail (worn)
 c - a +0 buckler (worn)
 j - a +0 pair of boots (worn)
Jewellery
 f - a +4 ring of evasion
 h - a +4 ring of evasion
Scrolls
 e - a scroll of blinking {unknown}
 i - a scroll of fog {unknown}


   Skills:
 + Level 3.7 Fighting
 + Level 2.6 Axes
 + Level 3.3 Armour
 + Level 3.3 Shields


You had 3 spell levels left.
You didn't know any spells.
Your spell library was empty.

Dungeon Overview and Level Annotations

Branches:
Dungeon (3/15)

Altars:
Ashenzari

Shops:
D:2 =


Innate Abilities, Weirdness & Mutations

You have sharp fingernails.
Spells you cast may paralyse adjacent enemies.


Message History

You slash the orc!
You kill the orc!
The adder bites you.
You are poisoned.
The adder poisons you!
The endoplasm jiggles.
You closely miss the adder.
You feel sick. The adder bites you but does no damage. The adder bites you.
You are more poisoned.
The adder poisons you!
You miss the adder.
You feel sick. The adder bites you but does no damage.
The orc priest mumbles some strange prayers to Beogh against you.
Beogh smites you!
* * * LOW HITPOINT WARNING * * *
The adder bites you but does no damage.
You are too injured to fight recklessly!
You are too injured to fight recklessly!
You are too injured to fight recklessly!
You are too injured to fight recklessly!
You are too injured to fight recklessly!
You are too injured to fight recklessly!
You are too injured to fight recklessly!
You are too injured to fight recklessly!
You are too injured to fight recklessly!
Unknown command.
There are monsters nearby!
You are too injured to fight recklessly!
Unknown command.
It was a potion of curing.
You feel better. The adder bites you but does no damage.
You feel very mighty all of a sudden. The adder misses you.
You slash the adder!
You kill the adder!
The orc priest mumbles some strange prayers to Beogh against you.
Beogh smites you!
* * * LOW HITPOINT WARNING * * *
You closely miss the orc.
The orc hits you with a +1 vorpal flail.
You die...

#.# ##.##
#...# ...
o?. #J#
#o# #@#
#.######..
#.<......#
########..


You could see an orc priest, an orc and an endoplasm.

Vanquished Creatures
  6 adders
  A worm (D:2)
  3 orcs (D:3)
  5 endoplasms
  A giant cockroach (D:2)
  2 hobgoblins (D:1)
  2 jackals (D:1)
  4 quokkas
  6 ball pythons
  4 bats
  A frilled lizard (D:1)
  6 kobolds
  4 rats
45 creatures vanquished.

Notes
Turn   | Place    | Note
-------+----------+-------------------------------------------
     0 | D:1      | Sin92 the Demonspawn Fighter began the quest for the Orb.
     0 | D:1      | Reached XP level 1. HP: 18/18 MP: 1/1
   277 | D:1      | Gained mutation: Spells you cast may paralyse adjacent
                  | enemies. [demonic ancestry]
   277 | D:1      | Reached XP level 2. HP: 8/24 MP: 2/2
   896 | D:1      | Gained mutation: You have sharp fingernails. [demonic
                  | ancestry]
   896 | D:1      | Reached XP level 3. HP: 29/29 MP: 3/3
   992 | D:1      | Found a faded altar of an unknown god.
  1005 | D:1      | Prayed at the altar of an unknown god.
  1005 | D:1      | Became a worshipper of Ashenzari the Shackled
  1093 | D:2      | Found Ziluiz's One-of-a-Kind Rings.
  1618 | D:2      | Reached XP level 4. HP: 31/35 MP: 4/4
  2382 | D:3      | HP: 1/37 [orc priest/divine providence (15)]
  2383 | D:3      | Slain by an orc

Illustrated notes

Levels and vault maps discovered:
D:1:      eino_arrival_water_star, layout_rooms,
          chequers_ecumenical_altar_grove, minivault_11
D:2:      layout_basic, nicolae_shop_unique_rings
D:3:      layout_loops_ring, serial_shops, shop

Skill      XL: |  1  2 |
---------------+-------+-----
Axes           | 2 |  2.6
Armour         | 3 |  3.3
Shields        | 3 |  3.3
Fighting       | |  3.7

Action                   |  1- 3 |  4- 6 || total
-------------------------+-------+-------++-------
Melee: War axe           |   112 |    27 ||   139
  Use: Potion            |       |     2 ||     2
Armor: Scale mail        |    62 |    14 ||    76
Dodge: Dodged            |    50 |     9 ||    59
Block: Buckler           |    27 |     6 ||    33
